Map: Cerulean Fall LE

Players

Woogie - Winner!

  • Race: Zerg Zerg
  • League: Diamond
  • Spawn Location: 7:00

Arathan

  • Race: Zerg Zerg
  • League: Diamond
  • Spawn Location: 1:00

VOD

Have the link to the VOD?

Description

Climatic final fight including Neural Parasite! You've got to see this!

Time

  • Played on: Sept. 17, 2018, 1:23 p.m.
  • Length: 19:33
Show
View Real Time Build Order
Export as new Build Order

Woogie Zerg - Winner!

Build Orders: Pool First 

Get SALT Encoding   

  12  0:01  Drone  
  13  0:12  Overlord  
  13  0:17  Drone  
  14  0:30  Drone  
  14  0:31  Drone  
  14  0:34  Drone  
  17  0:48  Spawning Pool, Drone  
  17  0:52  Extractor  
  17  0:56  Drone  
  17  1:06  Drone  
  18  1:18  Hatchery  
  18  1:21  Drone  
  18  1:30  Drone  
  19  1:35  Queen  
  21  1:42  Overlord  
  21  1:50  Zergling x2  
  22  2:02  Metabolic Boost  
  22  2:06  Drone  
  23  2:14  Queen  
  25  2:19  Drone  
  25  2:22  Drone  
  27  2:31  Drone  
  28  2:38  Queen  
  28  2:41  Drone x2  
  32  2:48  Drone x3  
  35  2:54  Lair  
  35  2:55  Overlord  
  35  3:01  Drone  
  36  3:25  Roach Warren  
  35  3:27  Evolution Chamber  
  35  3:32  Drone x4  
  35  3:33  Overlord x2, Drone x2, Evolution Chamber  
  39  3:35  Drone  
  39  3:41  Queen  
  42  3:53  Extractor  
  42  3:54  Extractor  
  40  3:59  Drone x3  
  40  4:00  Drone  
  44  4:04  Zerg Missile Weapons Level 1  
  44  4:11  Drone x3  
  44  4:12  Drone  
  48  4:31  Zerg Ground Armor Level 1  
  48  4:39  Overlord  
  48  4:40  Overlord x3  
  48  4:54  Hatchery  
  48  4:59  Glial Reconstitution  
  47  5:02  Drone x4  
  47  5:03  Roach  
  47  5:04  Roach x5  
  63  5:31  Overlord x3  
  63  5:32  Roach x4  
  63  5:33  Roach x2  
  71  6:22  Roach  
  71  6:23  Roach x8  
  89  6:29  Burrow, Tunneling Claws  
  89  6:30  Hatchery  
  88  6:34  Drone x3  
  88  6:35  Drone  
  92  7:22  Roach  
  92  7:23  Roach x4  
  92  7:24  Overlord x2  
  92  7:25  Overlord x2  
  100  7:35  Spore Crawler  
  100  7:36  Hydralisk Den  
  96  7:37  Spore Crawler  
  87  7:56  Queen  
  87  7:57  Queen x2  
  85  8:03  Spore Crawler  
  70  8:06  Spore Crawler x2  
  70  8:10  Hatchery  
  59  8:14  Hydralisk x11  
  79  8:43  Hydralisk  
  79  8:44  Hydralisk x6  
  93  9:03  Overlord x4  
  93  9:14  Grooved Spines  
  93  9:24  Spore Crawler  
  92  9:25  Spore Crawler  
  92  9:29  Infestation Pit  
  92  9:31  Hydralisk x3  
  90  9:33  Drone  
  90  9:34  Drone  
  90  9:37  Drone  
  99  9:58  Hydralisk x2  
  99  9:59  Hydralisk x3  
  109  10:18  Drone  
  109  10:19  Drone x7  
  117  10:26  Muscular Augments  
  109  10:46  Hydralisk x6  
  83  11:14  Hydralisk x5  
  83  11:17  Drone x6  
  83  11:18  Drone  
  92  11:23  Extractor x2  
  90  11:27  Spore Crawler  
  89  11:33  Pathogen Glands  
  89  11:34  Hatchery  
  89  11:35  Extractor, Drone x3  
  89  11:37  Drone  
  91  12:07  Hatchery  
  90  12:08  Spore Crawler  
  89  12:16  Hydralisk  
  89  12:17  Hydralisk x7  
  89  12:22  Drone x3  
  108  12:26  Roach  
  108  12:27  Roach  
  112  12:35  Zerg Ground Armor Level 2  
  112  12:40  Overseer x2  
  112  12:54  Pneumatized Carapace  
  112  13:03  Infestor x2  
  116  13:08  Hydralisk x4  
  116  13:11  Drone x4  
  128  13:15  Extractor  
  127  13:22  Extractor  
  127  13:25  Zerg Missile Weapons Level 2  
  126  13:43  Overlord x4  
  94  14:30  Infestor x3  
  94  14:31  Infestor x2  
  102  14:34  Roach  
  102  14:35  Roach x6  
  116  14:46  Hydralisk x11  
  138  14:53  Drone x3  
  141  15:12  Roach x2  
  141  15:13  Roach  
  139  15:19  Roach x3  
  139  15:20  Roach  
  137  15:33  Unknown x4, Overseer x2  
  137  15:34  Unknown x2  
  137  15:37  Roach  
  137  15:38  Roach x2  
  133  15:43  Roach x2  
  133  15:44  Roach x2  
  125  16:18  Neural Parasite  
  125  16:38  Hydralisk x4  
  125  16:39  Hydralisk x6  
  137  16:41  Hydralisk  
  137  16:42  Hydralisk  
  137  16:44  Overlord x6  
  137  16:47  Roach  
  139  16:48  Roach x3  
  139  17:08  Roach x3  
  139  17:09  Roach  
  134  17:28  Hive  
  134  17:29  Unknown  
  131  17:30  Unknown x2  
  115  18:12  Roach x2  
  121  18:13  Roach x7  
  121  18:14  Roach x4  
  121  18:15  Hydralisk x8  
  121  18:16  Hydralisk x2  
  131  19:03  Hydralisk x8  
  131  19:04  Hydralisk x7  
Show
View Real Time Build Order
Export as new Build Order

Arathan Zerg 

Build Orders: Hatch First, Lurkers, Muta Ling Bane 

Get SALT Encoding   

  12  0:01  Drone  
  13  0:13  Overlord  
  13  0:18  Drone  
  14  0:32  Drone x2  
  16  0:50  Hatchery  
  16  0:53  Drone  
  16  0:56  Drone  
  17  1:00  Drone  
  18  1:10  Extractor  
  17  1:16  Spawning Pool  
  16  1:19  Drone  
  16  1:22  Drone  
  18  1:29  Drone  
  19  1:40  Drone  
  20  1:52  Drone  
  21  2:01  Drone  
  21  2:05  Drone, Queen x2  
  27  2:11  Metabolic Boost  
  27  2:15  Overlord  
  27  2:18  Drone  
  28  2:33  Drone  
  28  2:34  Zergling x2, Drone  
  31  2:38  Drone  
  31  2:43  Baneling Nest  
  31  2:48  Queen  
  31  2:49  Zergling x2  
  34  2:53  Overlord  
  34  3:00  Zergling x2, Drone, Evolution Chamber  
  35  3:13  Drone x2  
  35  3:16  Drone  
  35  3:18  Drone  
  39  3:21  Drone x2  
  39  3:22  Drone  
  42  3:28  Zerg Ground Armor Level 1  
  42  3:30  Drone  
  43  3:41  Hatchery  
  42  3:43  Overlord  
  42  3:47  Drone  
  43  3:54  Zergling x2  
  43  3:55  Overlord  
  44  4:05  Drone x2  
  44  4:06  Overlord  
  46  4:10  Drone  
  46  4:12  Extractor, Lair  
  46  4:14  Drone  
  46  4:15  Drone  
  46  4:16  Drone  
  49  4:27  Drone  
  49  4:28  Drone  
  49  4:30  Zergling x2  
  51  4:33  Zergling x4  
  51  4:35  Extractor  
  51  4:36  Extractor  
  51  4:43  Zergling x2  
  52  4:46  Zergling x4  
  52  4:47  Zergling x4  
  52  4:51  Roach Warren  
  52  4:52  Zergling x2  
  56  4:55  Baneling x3  
  56  5:03  Drone x2  
  56  5:06  Zergling x2, Drone  
  60  5:13  Drone  
  61  5:14  Drone  
  62  5:23  Spire  
  62  5:24  Drone x2  
  62  5:26  Drone x2, Zerg Melee Weapons Level 1  
  62  5:27  Overlord, Drone  
  66  5:33  Evolution Chamber  
  66  5:34  Overlord  
  66  5:35  Overseer  
  65  5:36  Overlord  
  62  5:58  Drone  
  62  6:01  Overlord  
  62  6:02  Zergling x2  
  61  6:06  Zergling x2  
  61  6:11  Overlord  
  61  6:14  Drone  
  61  6:15  Drone  
  59  6:19  Overlord  
  59  6:20  Zergling x2  
  59  6:21  Zergling x2  
  59  6:25  Drone x2  
  63  6:26  Zergling x2  
  63  6:28  Extractor, Spine Crawler  
  63  6:30  Spine Crawler  
  63  6:32  Zergling x2, Drone x3  
  65  6:33  Extractor, Zergling x2  
  65  6:37  Drone  
  66  6:40  Zerg Flyer Weapons Level 1  
  66  6:45  Baneling x2  
  66  6:49  Zergling x2, Drone  
  66  6:50  Zergling x2, Drone  
  70  6:57  Overlord, Zergling x2  
  70  6:59  Mutalisk  
  73  7:02  Mutalisk  
  73  7:03  Mutalisk x6  
  85  7:09  Mutalisk  
  78  7:17  Zergling x4  
  78  7:18  Zergling x2  
  78  7:21  Mutalisk  
  78  7:22  Roach  
  80  7:33  Drone x4  
  82  7:42  Zergling x2  
  82  7:44  Zergling x2  
  81  7:45  Hatchery  
  81  7:46  Zergling x2  
  81  7:47  Mutalisk  
  81  7:48  Roach  
  69  7:56  Drone  
  53  8:05  Drone  
  53  8:09  Drone x2, Queen x2  
  58  8:19  Drone x3  
  59  8:39  Mutalisk  
  59  8:40  Mutalisk x3  
  63  8:47  Drone  
  63  8:48  Zergling x2  
  65  8:57  Drone  
  65  9:00  Drone  
  65  9:01  Drone  
  65  9:02  Drone  
  69  9:04  Zerg Flyer Weapons Level 2  
  69  9:09  Drone  
  71  9:10  Drone  
  71  9:15  Drone  
  72  9:19  Drone x2  
  72  9:20  Centrifical Hooks  
  74  9:25  Drone  
  74  9:27  Drone x2  
  74  9:30  Drone x2  
  79  9:32  Drone  
  80  9:46  Drone x5  
  80  9:49  Drone x2  
  80  9:52  Drone  
  88  10:03  Hydralisk Den  
  88  10:06  Mutalisk  
  87  10:07  Zergling x2  
  87  10:08  Zergling x8  
  87  10:13  Zergling x2  
  95  10:18  Baneling x2  
  95  10:19  Mutalisk  
  95  10:20  Spine Crawler  
  95  10:21  Spine Crawler, Zergling x4  
  95  10:25  Zergling x2  
  95  10:26  Zergling x2  
  97  10:29  Baneling x4  
  97  10:35  Zergling x2  
  96  10:36  Zergling x8  
  96  10:43  Mutalisk, Zergling x2  
  96  10:46  Zergling x2  
  92  10:54  Mutalisk  
  81  10:59  Mutalisk  
  81  11:01  Zergling x2, Drone  
  83  11:08  Drone  
  79  11:12  Drone x2  
  79  11:13  Drone  
  80  11:22  Zerg Flyer Armor Level 1  
  80  11:25  Infestation Pit  
  79  11:27  Lurker Den  
  79  11:28  Drone  
  79  11:29  Drone  
  79  11:30  Drone  
  79  11:31  Drone x2  
  84  11:41  Hatchery  
  84  11:42  Drone x2  
  84  11:44  Drone  
  86  11:53  Zergling x2  
  87  11:54  Baneling x2  
  87  11:55  Zergling x2  
  87  11:59  Zergling x6  
  91  12:02  Hydralisk  
  91  12:04  Zergling x2  
  94  12:12  Zergling x2  
  95  12:19  Hydralisk  
  97  12:23  Baneling x6, Zergling x2  
  97  12:26  Zergling x2, Drone  
  100  12:35  Baneling x4  
  100  12:42  Overlord x2  
  100  12:43  Overlord  
  100  12:48  Overlord  
  100  12:55  Lurker x2  
  100  12:58  Hydralisk x2  
  102  13:04  Hydralisk x2  
  110  13:06  Overseer x2  
  110  13:08  Zergling x6  
  110  13:09  Hydralisk, Drone  
  110  13:10  Hydralisk  
  110  13:11  Zergling x2, Hydralisk  
  121  13:21  Hydralisk x2  
  125  13:43  Overlord  
  125  13:48  Baneling  
  125  13:54  Lurker x5  
  125  13:55  Lurker  
  130  14:15  Zergling x2, Drone  
  110  14:26  Zergling x2  
  110  14:35  Overlord  
  110  14:40  Drone x7  
  110  14:41  Zergling x2  
  110  14:42  Unknown x2, Zergling x2  
  110  14:43  Overlord  
  119  14:46  Overlord  
  119  14:47  Zergling x2  
  119  14:49  Zerg Flyer Armor Level 2  
  119  14:51  Overlord  
  120  14:56  Hydralisk x2  
  120  14:58  Hydralisk x2  
  128  15:00  Hydralisk  
  114  15:42  Zergling x2  
  99  15:45  Overseer  
  99  15:47  Mutalisk x13  
  125  16:00  Zergling x2  
  125  16:01  Zergling x4  
  110  16:16  Zergling x2  
  101  16:19  Zergling x2  
  97  16:26  Hydralisk  
  97  16:27  Zergling x2  
  97  16:28  Zergling x8  
  97  16:31  Baneling  
  102  16:35  Zergling x2  
  102  16:38  Zergling x2  
  102  16:39  Zergling x2  
  96  16:50  Zergling x12  
  100  16:57  Zergling x2  
  100  16:59  Zergling x2, Roach  
  103  17:11  Zergling x2  
  103  17:12  Baneling  
  102  17:15  Drone  
  102  17:18  Zergling x2  
  102  17:19  Overseer  
  102  17:22  Hydralisk x5  
  102  17:35  Drone x3  
  99  17:37  Zergling x2  
  87  18:01  Zergling x2  
  87  18:03  Hydralisk, Roach  
  87  18:04  Hydralisk x5, Roach  
  93  18:08  Hydralisk  
  91  18:13  Hydralisk x4  
  91  18:14  Hydralisk  
  91  18:16  Hydralisk  
  91  18:18  Zergling x2  
  91  18:19  Zergling x2  
  99  18:24  Hatchery  
  98  18:29  Hydralisk  
  98  18:32  Hydralisk  
  98  18:33  Zergling x2  
  100  18:37  Hydralisk  
  90  18:43  Hydralisk  
  60  18:56  Zergling x2  
  60  18:57  Zergling x10  
  60  18:58  Hydralisk  
  59  19:04  Zergling x2  
  59  19:05  Hydralisk  
  59  19:06  Roach  
Tags
 
Add a new tag
Caveats
  • Supply blocks, unpowered buildings, or Contaminate may cause inaccurate times.
  • Supply counts are checked every 10 seconds.